AoeStats
← redoubz

Arabian Desert

510015433Analyzed
1v1 RM · 4d ago on Sep 29, 2026· 47m 19s· 2 players
Game mode
Random Map
Map size
Tiny (2 player)
Population
200
Speed
Normal
Resources
Standard
Victory
Conquest
Starting age
Dark Age
Ending age
Imperial Age
RankedLock teamsTeams togetherTeam positionsShared explorationLock speedFull tech treeHidden civsTurbo modeCheats
Victory
Defeat
🇺🇸 Vietnamese · United States
1046
+16
🇨🇦 Inca · Canada
1038
-16
redoubz
8:34 Loom
11:16 Feudal Age
12:19 Champi Runner
16:25 Double-Bit Axe
19:13 Champi Runner
20:55 Wheelbarrow
21:10 Wheelbarrow
23:24 Castle Age
22:28 Fletching
22:39 Padded Archer Armor
23:54 Elite Skirmisher
28:16 Scale Mail Armor
30:38 Leather Archer Armor
32:15 Wheelbarrow
31:25 Town Watch
31:52 Pikeman
34:43 Forging
38:20 Hand Cart
38:06 Town Patrol
41:23 Bodkin Arrow
41:44 Chain Mail Armor
42:08 Squires
44:45 Ballistics
45:43 Thumb Ring
Tim
6:55 Loom
9:23 Feudal Age
9:56 Double-Bit Axe
13:07 Forging
19:56 Castle Age
17:57 Horse Collar
18:44 Fletching
18:50 Gold Mining
22:12 Bodkin Arrow
21:40 Crossbowman
24:35 Bow Saw
25:06 Wheelbarrow
24:16 Town Watch
28:06 Scale Barding Armor
27:23 Light Cavalry
28:13 Bloodlines
28:04 Husbandry
28:54 Heavy Plow
29:57 Chain Barding Armor
30:07 Padded Archer Armor
32:51 Iron Casting
37:25 Imperial Age
35:53 Leather Archer Armor
36:20 Ballistics
38:20 Bracer
37:47 Arbalester
40:31 Chemistry
40:51 Hand Cart
43:16 Siege Engineers
43:54 Plate Barding Armor
44:07 Masonry
Connection lost

Rejoining the realm…

Still unreachable

The connection could not be restored.

Session expired

The server has moved on; the page needs a fresh start.